 Dungeon Crawl Stone Soup version 0.31-a0-1405-g2bb1a01664 (webtiles) character file.

Game seed: 14254208596354063473

118 dialectric the Covert (level 4, -2/24 HPs)
             Began as a Spriggan Delver on Dec 24, 2023.
             Was a Follower of the Shining One.
             Slain by an iguana (9 damage)
             ... on level 4 of the Dungeon on Dec 25, 2023.
             The game lasted 00:09:45 (2743 turns).

dialectric the Covert (Spriggan Delver)             Turns: 2743, Time: 00:09:45

Health: -2/24      AC:  4    Str:  8    XL:     4   Next: 72%
Magic:  5/5        EV: 19    Int: 11    God:    the Shining One [*.....]
Gold:   206        SH:  0    Dex: 18    Spells: 3/3 levels left

rFire   + . .        a - +0 short sword
rCold   . . .        (no shield)
rNeg    . . .        b - +0 robe
rPois   .            (helmet restricted)
rElec   .            s - +1 cloak
rCorr   .            (gloves unavailable)
SInv    +            (boots unavailable)
Will    .....        h - amulet of regeneration
Stlth   ++           q - ring of protection from fire
HPRegen 1.04/turn    (no ring)
MPRegen 0.09/turn

%: no passive effects
@: glowing, very quick
A: very small, no large weapons, unfitting armour, see invisible, speed 3
a: Renounce Religion, Divine Shield


You were on level 4 of the Dungeon.
You worshipped the Shining One.
The Shining One was aware of your devotion.
You visited 1 branch of the dungeon, and saw 5 of its levels.

You collected 206 gold pieces.

Inventory:

Hand Weapons
 a - a +0 short sword (weapon)
Missiles
 x - 9 poisoned darts (quivered)
Armour
 b - a +0 robe (worn)
 s - a +1 cloak (worn)
Jewellery
 h - an amulet of regeneration (around neck)
 q - a ring of protection from fire (left hand)
 r - a ring of wizardry
 u - an amulet of faith
 y - a ring of protection from fire
Talismans
 F - a maw talisman
Wands
 g - a wand of digging (2)
 o - a wand of paralysis (7)
Scrolls
 c - a scroll of fog
 d - a scroll of revelation
 e - a scroll of fear
 i - a scroll of amnesia
 j - a scroll of immolation {unknown}
 k - 5 scrolls of teleportation
 l - 2 scrolls of butterflies {unknown}
 m - a scroll of noise {unknown}
 p - a scroll of silence {unknown}
 t - a scroll of vulnerability {unknown}
 v - 4 scrolls of identify {unknown}
 w - a scroll of poison {unknown}
Potions
 f - a potion of haste
 n - a potion of might {unknown}
 z - a potion of curing {unknown}
 A - a potion of resistance {unknown}
 B - a potion of heal wounds {unknown}
 C - a potion of brilliance {unknown}
 D - 2 potions of lignification {unknown}
 E - a potion of enlightenment {unknown}


   Skills:
 + Level 3.0 Fighting
 + Level 3.2 Short Blades
 + Level 4.0 Dodging
 + Level 8.2 Stealth


You had 3 spell levels left.
You didn't know any spells.
Your spell library contained the following spells:

 Spells                   Type           Power      Damage    Failure   Level
 Slow                     Hex            0%         N/A       34%         1
 Confusing Touch          Hex            0%         N/A       71%         3
 Sigil of Binding         Hex            0%         N/A       71%         3
 Vampiric Draining        Necr           0%         2d6       71%         3


Dungeon Overview and Level Annotations

Branches:
Dungeon (5/15)
 Temple: D:4-7

Altars:
Elyvilon
The Shining One

Shops:
D:3 (*=(

Annotations:
D:4 2 transporters, MisterAzrael's ghost, amateur DECj; Sigmund


Innate Abilities, Weirdness & Mutations

You are very small and have problems with some larger weapons.
You are too small for most types of armour.
You have supernaturally acute eyesight. (SInv)
You cover ground extremely quickly. (Speed+++)


Message History

The iguana hisses angrily.
The iguana misses you.
You hit the iguana but do no damage. You hit the iguana but do no damage.
The iguana misses you.
You hit the iguana.
The iguana is lightly wounded.
The iguana completely misses you.
You hit the iguana.
The iguana is lightly wounded.
The iguana bites you!
Ouch! That really hurt!
You hit the iguana but do no damage.
The iguana is lightly wounded.
The iguana completely misses you.
You hit the iguana but do no damage.
The iguana is lightly wounded.
The iguana misses you.
You hit the iguana but do no damage.
The iguana is lightly wounded.
The iguana completely misses you.
You barely miss the iguana.
The iguana is lightly wounded.
You hit the iguana.
The iguana is heavily wounded.
The iguana completely misses you.
You barely miss the iguana.
The iguana is heavily wounded.
The iguana completely misses you.
You hit the iguana but do no damage.
The iguana is heavily wounded.
The iguana bites you!
Ouch! That really hurt!
* * * LOW HITPOINT WARNING * * *
You hit the iguana but do no damage.
The iguana is heavily wounded.
The iguana bites you but does no damage.
You hit the iguana but do no damage.
The iguana is heavily wounded.
The iguana bites you!
You die...

####.## #..###...#..#
#....# ##.##...## ..
####.# #......# . #.##
#......# # #..#
##.....# # ##.#
#......# # #.
#.####........> ..
#..##.....)..........#
#...@###.####.......
##.l## #. ##...... #..
#.. ... .#.. ..### ..


You could see an iguana.

Vanquished Creatures
  A bombardier beetle (D:4)
  4 worms
  8 orcs
  9 bats
  5 endoplasms
  4 giant cockroaches
  4 hobgoblins
  5 kobolds
  2 quokkas
  5 ball pythons
  4 frilled lizards
  5 goblins
  5 rats
61 creatures vanquished.

Notes
Turn   | Place    | Note
-------+----------+-------------------------------------------
     0 | D:5      | dialectric the Spriggan Delver began the quest for the Orb.
     0 | D:5      | Reached XP level 1. HP: 11/11 MP: 2/2
    89 | D:5      | Noticed a phantom
   133 | D:5      | Noticed a black bear
   443 | D:4      | Noticed an iguana
   452 | D:4      | Noticed a scorpion
   490 | D:4      | Noticed an iguana
   512 | D:4      | Found a transporter.
   531 | D:3      | Reached XP level 2. HP: 16/16 MP: 3/3
   827 | D:3      | Found Foopueq's Jewellery Boutique.
   902 | D:3      | Found Keomy's Weapon Boutique.
  1185 | D:1      | Reached XP level 3. HP: 19/19 MP: 4/4
  1260 | D:1      | Found a faded altar of an unknown god.
  1292 | D:1      | Prayed at the altar of an unknown god.
  1292 | D:1      | Became a worshipper of the Shining One
  1292 | D:1      | Reached * piety under the Shining One
  1294 | D:1      | You fall into a shaft and drop 1 floor!
  1606 | D:2      | Found a white marble altar of Elyvilon.
  1902 | D:3      | Found Veederiv's Assorted Antiques.
  1979 | D:3      | Reached XP level 4. HP: 18/23 MP: 5/5
  2079 | D:3      | Reached skill level 8 in Stealth
  2192 | D:3      | Found Askusyu's Weapon Boutique.
  2342 | D:4      | Noticed a steam dragon
  2356 | D:4      | Noticed MisterAzrael's ghost (amateur DECj)
  2357 | D:4      | Found a transporter.
  2360 | D:4      | Noticed Sigmund
  2453 | D:4      | Upgraded the game from 0.31-a0-1388-g4b2ba238e7 to
                  | 0.31-a0-1405-g2bb1a01664
  2743 | D:4      | Slain by an iguana

Illustrated notes

Levels and vault maps discovered:
D:1:      shiori_arrival_maze, layout_rooms,
          hellmonk_ecumenical_altar_leap_of_faith, dreamdust_mushroom_princess,
          reono_crystal_passage
D:2:      layout_rooms, basic_altar, chequers_garden
D:3:      minmay_diamond_boxcup, layout_loops_ring, serial_shops, shop, shop,
          nicolae_shop_dealshenge, nicolae_shop_bloodbath_and_beyond,
          due_unseen_surprise
D:4:      layout_layer_cave, gammafunk_ghost_arena, uniq_sigmund
D:5:      layout_basic, ebering_ghost_reflecting_pool, serial_shops, shop

Skill      XL: |  1  2  3  4 |
---------------+-------------+-----
Dodging        | 3 4 |  4.0
Short Blades   | 3 |  3.2
Stealth        | 8 |  8.2
Fighting       | 3 |  3.0

Action                     |  1- 3 |  4- 6 || total
---------------------------+-------+-------++-------
  Melee: Short sword       |   220 |    56 ||   276
         Punch             |     2 |     1 ||     3
  Throw: Dart              |     9 |       ||     9
  Evoke: Wand              |       |     1 ||     1
    Use: Scroll            |     1 |     1 ||     2
   Stab: Sleeping          |     7 |       ||     7
 Armour: Robe              |    72 |     7 ||    79
  Dodge: Dodged            |   182 |    22 ||   204

Table legend: (Time is in decaauts)
 A = Elapsed time spent in this place.
 B = Non-inter-level travel time spent in this place.
 C = Inter-level travel time spent in this place.
 D = Time resting spent in this place.
 E = Time spent auto-exploring this place.
 F = Levels seen in this place.
 G = Mean time per level.
                   A        B        C        D        E       F      G
               +--------+--------+--------+--------+--------+-----+--------+
         Total |   1813 |   1763 |     50 |     86 |    797 |   5 |  362.6 |
       Dungeon |   1813 |   1763 |     50 |     86 |    797 |   5 |  362.6 |
               +--------+--------+--------+--------+--------+-----+--------+

Top non-repeatable levels by time:
     D:3: 665 daAuts
     D:4: 519 daAuts
     D:2: 245 daAuts
     D:1: 229 daAuts
     D:5: 153 daAuts
